 Dungeon Crawl Stone Soup version 0.30-a0-358-g0d69a1922f (webtiles) character file.

Game seed: 2873714365708361478

18 IdlyInterested the Changer (level 2, -2/31 HPs)
             Began as a Demonspawn Wanderer on Nov 9, 2022.
             Frozen to death by an endoplasm (4 damage)
             ... on level 1 of the Dungeon.
             The game lasted 00:02:22 (396 turns).

IdlyInterested the Changer (Demonspawn Wanderer)     Turns: 396, Time: 00:02:23

Health: -2/31      AC: 21    Str: 10    XL:     2   Next: 48%
Magic:  3/3        EV:  2    Int: 15    God:
Gold:   11         SH:  3    Dex: 12    Spells: 3/3 levels left

rFire   . . .      SeeInvis +    a - +0 dagger
rCold   . . .      Faith    .    d - +0 buckler
rNeg    . . .      Spirit   .    (body armour currently unavailable)
rPois   +          Reflect  .    (helmet currently unavailable)
rElec   .          Harm     .    (cloak currently unavailable)
rCorr   .          Rampage  .    (gloves currently unavailable)
Will    .....      NoTele   +    (boots currently unavailable)
Stlth   +.........               f - amulet of the acrobat
HPRegen 0.25/turn                h - ring of see invisible
MPRegen 0.08/turn                (no ring)

@: tree-form
A: stationary, stasis, torment immunity, boosted hp, (large bone plates 1)
a: no special abilities


You were on level 1 of the Dungeon.
You were a tree.
You visited 1 branch of the dungeon, and saw 1 of its levels.

You collected 11 gold pieces.

Inventory:

Hand Weapons
 a - a +0 dagger (weapon)
Armour
 c - a +0 robe (melded)
 d - a +0 buckler (worn)
Jewellery
 f - an amulet of the acrobat (around neck)
 h - a ring of see invisible (left branch)
Scrolls
 b - a scroll of fear
 g - a scroll of noise {unknown}


   Skills:
 * Level 1.0 Fighting
 - Level 1.0 Armour
 - Level 2.0 Dodging
 * Level 0.2 Stealth
 - Level 1.0 Shields
 - Level 1.0 Spellcasting
 - Level 4.0 Transmutations
 - Level 1.0 Poison Magic


You had 3 spell levels left.
You didn't know any spells.
Your spell library contained the following spells:

 Spells                   Type           Power      Damage    Failure   Level
 Beastly Appendage        Tmut           24%        N/A       6%          1
 Sting                    Tmut/Pois      32%        1d4       12%         1
 Passwall                 Tmut/Erth      5%         N/A       22%         2
 Ignite Poison            Fire/Tmut/Pois 5%         N/A       45%         3
 Call Canine Familiar     Summ           0%         N/A       69%         3
 Portal Projectile        Hex/Tloc       0%         N/A       69%         3
 Stone Arrow              Conj/Erth      0%         3d7       69%         3
 Animate Armour           Summ/Erth      0%         N/A       97%         4
 Leda's Liquefaction      Hex/Erth       0%         N/A       97%         4
 Lehudib's Crystal Spear  Conj/Erth      0%         10d2      100%        8


Dungeon Overview and Level Annotations

Branches:
Dungeon (1/15)

Altars:


Innate Abilities, Weirdness & Mutations

You are a tree.
Your roots penetrate the ground, keeping you stationary.
You cannot be teleported.
You are immune to unholy pain and torment.
Your maximum health is greatly increased.
Your equipment is partially melded.
((You are partially covered in large bone plates. (SH +4)))


Message History

You kill the dart slug!
Your Fighting skill increases to level 1!
An endoplasm comes into view.
A dart slug comes into view.
Found a scroll labelled XIUNI ONIRISCHOLAR.
You hit the dart slug.
The dart slug is lightly wounded.
You hit the dart slug.
The dart slug is moderately wounded.
The dart slug launches a dart at you. The slug dart hits you.
The endoplasm freezes you.
You are frozen.
You hit the endoplasm but do no damage. The endoplasm barely misses you.
The dart slug bites you but does no damage.
You hit the dart slug but do no damage.
The dart slug is moderately wounded.
The endoplasm freezes you.
You are frozen.
You block the dart slug's attack.
You hit the endoplasm.
The endoplasm is heavily wounded.
The endoplasm barely misses you.
You hit the dart slug.
The dart slug is heavily wounded.
The endoplasm hits you. The dart slug bites you.
* * * LOW HITPOINT WARNING * * *
You hit the dart slug.
The dart slug is severely wounded.
You block the endoplasm's attack. The dart slug launches a dart at you.
The slug dart hits you.
* * * LOW HITPOINT WARNING * * *
Unknown command.
The endoplasm attacks as you move away! The endoplasm barely misses you.
Okay, then.
It was a potion of lignification.
You turn into a tree.
Your +0 robe melds into your body.
Your roots penetrate the ground.
The endoplasm freezes you.
You are frozen.
You die...

##. .g......... ##..
###.... ... ##... ?. #...
#.### #+# #†.. ###...
.........#...
#....####.............
...#...Jw...........#....
........♣................
.....#....#+####.........
.....####....###.........
.............#...........
......###....#...........
........'................
......##....#...........
#..........##...........
#..........# ##.........


You could see a dart slug and an endoplasm.

Vanquished Creatures
  2 dart slugs (D:1)
  2 bats (D:1)
  A giant cockroach (D:1)
  2 goblins (D:1)
  A quokka (D:1)
  A ball python (D:1)
  3 frilled lizards (D:1)
  2 rats (D:1)
14 creatures vanquished.

Notes
Turn   | Place    | Note
-------+----------+-------------------------------------------
     0 | D:1      | IdlyInterested the Demonspawn Wanderer began the quest for
                  | the Orb.
     0 | D:1      | IdlyInterested set off with the following items: a +0
                  | dagger, a scroll of fear, a +0 robe, a +0 buckler; and the
                  | following spells available to memorise: Beastly Appendage,
                  | Sting, Passwall, Ignite Poison.
     0 | D:1      | Reached XP level 1. HP: 13/13 MP: 2/2
   114 | D:1      | Reached skill level 4 in Transmutations
   166 | D:1      | Gained mutation: You are partially covered in large bone
                  | plates. (SH +4) [demonic ancestry]
   166 | D:1      | Reached XP level 2. HP: 20/20 MP: 3/3
   382 | D:1      | Reached skill level 1 in Fighting
   394 | D:1      | HP: 1/21 [dart slug/slug dart (5)]
   396 | D:1      | Frozen to death by an endoplasm

Illustrated notes

Levels and vault maps discovered:
D:1:      giann_horns, layout_basic

Skill      XL: |  1  2 |
---------------+-------+-----
Transmutations | 4 |  4.0
Dodging        | 2 |  2.0
Fighting       | 1 |  1.0
Armour         | |  1.0
Stealth        | |  0.2
Shields        | |  1.0
Spellcasting   | |  1.0
Poison Magic   | |  1.0

Action                   || total
-------------------------++-------
Melee: Dagger            ||    68
  Use: Potion            ||     1
 Stab: Sleeping          ||     1
Armor: Robe              ||    10
Dodge: Dodged            ||    41
Block: Buckler           ||    15

Table legend: (Time is in decaauts)
 A = Elapsed time spent in this place.
 B = Non-inter-level travel time spent in this place.
 C = Inter-level travel time spent in this place.
 D = Time resting spent in this place.
 E = Time spent auto-exploring this place.
 F = Levels seen in this place.
 G = Mean time per level.
                   A        B        C        D        E       F      G
               +--------+--------+--------+--------+--------+-----+--------+
         Total |    398 |    398 |      0 |     30 |    201 |   1 |  398.0 |
       Dungeon |    398 |    398 |      0 |     30 |    201 |   1 |  398.0 |
               +--------+--------+--------+--------+--------+-----+--------+

Top non-repeatable levels by time:
     D:1: 398 daAuts
